 Dungeon Crawl Stone Soup version 0.23.2-1-ga50397a6bc (webtiles) character file.

Game seed: 10373464952666883704

41644 MachJacob the Basher (level 14, -8/90 HPs)
             Began as a Gargoyle Berserker on Apr 20, 2019.
             Was an Elder of Trog.
             Killed from afar by Aizul (12 damage)
             ... with a poison arrow
             ... on level 3 of the Lair of Beasts.
             The game lasted 01:29:18 (18097 turns).

MachJacob the Basher (Gargoyle Berserker)          Turns: 18097, Time: 01:29:18

Health: -8/90      AC:  8    Str: 27    XL:     14   Next: 16%
Magic:  14/14      EV: 15    Int:  9    God:    Trog [****..]
Gold:   1153       SH: 12    Dex: 12    Spells: 13/13 levels left

rFire    . . .     SeeInvis .   D - +3 mace (protect)
rCold    + . .     Gourm    .   C - +0 shield
rNeg     + . .     Faith    .   M - +0 plate armour
rPois    ∞         Spirit   .   (no helmet)
rElec    +         Reflect  .   P - +0 cloak
rCorr    .         Harm     .   R - +0 pair of gloves
MR       +....                  q - +2 pair of boots
Stlth    ..........             y - amulet of regeneration
HPRegen  0.65/turn              S - ring of protection from cold
MPRegen  0.14/turn              I - +4 ring of evasion

@: mighty, about to teleport, corroded, flying
A: big wings, negative energy resistance 1, electricity resistance, unbreathing,
petrification resistance, rot immunity, AC +10
a: Stop Flying, Berserk, Trog's Hand, Brothers in Arms, Renounce Religion


You were on level 3 of the Lair of Beasts.
You worshipped Trog.
Trog was greatly pleased with you.
You were not hungry.

You visited 4 branches of the dungeon, and saw 19 of its levels.

You collected 1153 gold pieces.

Inventory:

Hand Weapons
 v - a +2 whip of venom
 D - a +3 mace of protection (weapon)
Armour
 q - a +2 pair of boots (worn)
 C - a +0 shield (worn)
 M - a +0 plate armour (worn)
 P - a +0 cloak (worn)
 R - a +0 pair of gloves (worn)
Jewellery
 m - an uncursed ring of fire
 y - an amulet of regeneration (around neck)
 I - a +4 ring of evasion (right hand)
 S - a ring of protection from cold (left hand)
 Y - an uncursed ring of ice
Wands
 b - a wand of polymorph (9)
 u - a wand of flame (10)
 B - a wand of iceblast (4)
 G - a wand of acid (6)
 U - a wand of enslavement (9)
 W - a wand of scattershot (3)
 X - a wand of paralysis (7)
Scrolls
 d - 4 scrolls of amnesia
 e - 2 scrolls of magic mapping
 f - 5 scrolls of enchant armour
 h - 5 scrolls of teleportation
 j - 12 scrolls of remove curse
 k - 4 scrolls of fog
 l - 2 scrolls of immolation
 n - 3 scrolls of enchant weapon
 p - a scroll of random uselessness
 A - 2 scrolls of blinking
 J - a scroll of torment
 K - a scroll of summoning
 L - a scroll of fear
 O - 4 scrolls of identify
Potions
 a - a potion of haste
 g - 3 potions of mutation
 o - 4 potions of lignification
 r - 4 potions of might
 s - 5 potions of curing
 w - 2 potions of agility
 E - 2 potions of cancellation
 F - 4 potions of invisibility
 H - a potion of resistance
Miscellaneous
 N - a phantom mirror
 Q - a lightning rod (4/4)
Comestibles
 c - 22 rations
 t - 2 chunks of flesh


   Skills:
 + Level 11.5 Fighting
 * Level 14.1 Maces & Flails
 + Level 11.2 Armour
 + Level 8.8 Dodging
 + Level 9.9 Shields


You had 13 spell levels left.
You didn't know any spells.
Your spell library contained the following spells:

 Spells                   Type           Power        Failure   Level  Hunger
 Irradiate                Conj/Tmut      #.........   100%        5    ######.
 Hydra Form               Tmut           #.........   100%        6    #######
 Dragon Form              Tmut           #.........   100%        7    #######
 Statue Form              Tmut/Erth      Unusable     N/A         6    N/A

Dungeon Overview and Level Annotations

Branches:
Dungeon (11/15)            Temple (1/1) D:5            Lair (6/6) D:9
  Swamp (0/4) Lair:4       Spider (1/4) Lair:3        Slime (0/5) Lair:6
    Orc: D:9-12

Altars:
Ashenzari
Cheibriados
Elyvilon
Fedhas
Hepliaklqana
Makhleb
Nemelex Xobeh
Sif Muna
Trog
Uskayaw
Wu Jian
Xom
Zin

Shops:
D:4 (   D:11 !

Annotations:
Lair:3 Aizul


Innate Abilities, Weirdness & Mutations

You are resistant to torment.
Your stone body is resilient. (AC +10)
You are immune to poison.
Your large and strong wings let you fly indefinitely.
You resist negative energy. (rN+)
You are resistant to electric shocks. (rElec)
You can survive without breathing.
You are immune to petrification.
You are immune to rotting.


Message History

Aizul is moderately wounded.
Aizul barely misses you.
You barely miss Aizul.
Aizul is moderately wounded.
Aizul hits you!
* * * LOW HITPOINT WARNING * * *
Okay, then.
Okay, then.
As you read the scroll of teleportation, it crumbles to dust.
You feel strangely unstable. Aizul hits you but does no damage.
The entropy weaver gestures wildly while chanting.
The entropic weave corrodes you! Aizul hits you.
* * * LOW HITPOINT WARNING * * *
Aizul hits you.
* * * LOW HITPOINT WARNING * * *
You block Aizul's attack.
Aizul coils herself and waves her upper body at you.
The poison arrow hits you! You partially resist.
You die...

### #≈##≈# #≈## ##.##.^# ####.##
#≈##≈# #≈≈## ####..#...^
##.#...###≈##≈# #≈≈≈###.P#.##^.^.
.........#≈##≈###≈≈≈#......##..#.
.^.......#≈≈####≈≈#≈#......##.^..
......#..#≈≈# ##≈≈#≈#.####.##^^..
...#.....#≈≈###≈≈####..######....
.........##≈#.#≈≈#..........##...
#...P.#...#≈#.#≈@###........##..#
..........#≈#.##≈#...........#†..
.....P#.....#.##S##...........##.
...............#as#............(.
#.##...........#s≈##.........#.P.
...............##≈≈#...a.........
..##..P...#...###≈≈≈.............
.........P......##≈..............
..(......P.##....#≈.........#.#..


You could see Aizul, an entropy weaver, a wolf spider and a tarantella.

Vanquished Creatures
  A dire elephant (Lair:6)
  3 hydras
  A catoblepas (Lair:3)
  A merfolk avatar (Lair:6)
  3 two-headed ogres
  A sea snake (Lair:6)
  2 harpies (Lair:6)
  A wolf spider (Lair:3)
  An orb spider (Lair:3)
  Joseph (D:7)
  18 elephants
  4 black mambas
  11 spiny frogs
  2 rime drakes
  15 komodo dragons
  A jumping spider (Spider:1)
  3 polar bears (Lair:6)
  3 hornets (Lair:6)
  6 hippogriffs
  3 blink frogs (Lair:6)
  A bog body (Lair:4)
  2 tarantellas (Lair:3)
  2 redbacks (Lair:3)
  A vampire (D:11)
  A wraith (D:11)
  28 yaks
  6 wyverns
  3 basilisks
  9 porcupines
  11 water moccasins
  3 ice beasts
  3 orc warriors
  4 sky beasts
  A phantom (D:7)
  3 black bears
  7 centaurs
  4 ogres
  8 wolves
  8 crocodiles
  Blork the orc (D:4)
  16 bullfrogs
  A wyvern skeleton (D:8)
  4 killer bees (D:10)
  4 scorpions
  3 electric eels (Lair:5)
  3 crimson imps
  A centaur zombie (D:11)
  4 hounds
  8 jellies
  2 gnoll shamans
  3 orc priests
  A centaur skeleton (D:11)
  An iguana (D:10)
  10 orc wizards
  2 bullfrog skeletons
  6 worker ants
  A hound zombie (D:5)
  A hound skeleton (D:5)
  17 gnolls
  13 adders
  2 shadow imps
  4 oozes
  3 adder zombies
  4 adder skeletons
  3 worms
  A dart slug (D:1)
  29 orcs
  A bat (D:1)
  2 giant cockroaches
  5 goblins
  A hobgoblin (D:3)
  4 jackals
  7 quokkas
  2 ball pythons
  6 frilled lizards
  3 kobolds
  A leopard gecko skeleton (D:3)
  2 quokka skeletons
  6 rats
  A plant (Lair:4)
375 creatures vanquished.

Vanquished Creatures (collateral kills)
  A fungus (Lair:3)
1 creature vanquished.

Vanquished Creatures (others)
  A wolf spider (Spider:1)
  A bush (Lair:2)
  10 fungi
  8 plants
20 creatures vanquished.

Grand Total: 396 creatures vanquished

Notes
Turn   | Place    | Note
-------+----------+-------------------------------------------
     0 | D:1      | MachJacob the Gargoyle Berserker began the quest for the
                  | Orb.
     0 | D:1      | Reached XP level 1. HP: 14/14 MP: 1/1
   543 | D:1      | Reached XP level 2. HP: 6/19 MP: 2/2
  1491 | D:2      | Reached XP level 3. HP: 10/23 MP: 3/3
  2833 | D:3      | Reached XP level 4. HP: 16/29 MP: 4/4
  3059 | D:3      | Reached skill level 4 in Maces & Flails
  3327 | D:3      | Reached XP level 5. HP: 31/33 MP: 5/5
  3402 | D:3      | Found a bloodstained altar of Trog.
  3843 | D:4      | Found Puivaces's Weapon Emporium.
  4182 | D:4      | Reached ** piety under Trog
  4200 | D:4      | Reached XP level 6. HP: 18/39 MP: 6/6
  4417 | D:4      | Found a deep blue altar of Sif Muna.
  4618 | D:4      | Reached skill level 5 in Maces & Flails
  4910 | D:4      | Found a burning altar of Makhleb.
  4910 | D:4      | Noticed an Executioner
  5026 | D:5      | Entered Level 5 of the Dungeon
  5026 | D:5      | Noticed Blork the orc
  5048 | D:4      | Killed Blork the orc
  5102 | D:5      | Reached XP level 7. HP: 42/44 MP: 7/7
  5261 | D:5      | Reached skill level 5 in Fighting
  5354 | D:5      | Found a staircase to the Ecumenical Temple.
  5616 | D:5      | Reached skill level 6 in Maces & Flails
  5713 | D:5      | Reached XP level 8. HP: 44/49 MP: 8/8
  5780 | D:5      | You fall through a shaft for 2 floors!
  5941 | D:6      | Reached skill level 5 in Armour
  6187 | D:6      | Reached *** piety under Trog
  6366 | D:6      | Reached skill level 7 in Maces & Flails
  6504 | D:6      | Found a shattered altar of Ashenzari.
  6504 | D:6      | Found a hide-covered altar of Uskayaw.
  6757 | D:6      | Found a snail-covered altar of Cheibriados.
  6758 | D:6      | Found a hazy altar of Hepliaklqana.
  6876 | D:6      | Found a glowing silver altar of Zin.
  6932 | D:6      | Found a sparkling altar of Nemelex Xobeh.
  7093 | D:7      | Reached skill level 1 in Shields
  7093 | D:7      | Reached XP level 9. HP: 56/56 MP: 9/9
  7345 | D:7      | Reached skill level 8 in Maces & Flails
  7436 | D:7      | Noticed Joseph
  7623 | D:7      | Found a blossoming altar of Fedhas.
  7776 | D:7      | Killed Joseph
  7898 | D:7      | You fall through a shaft for 3 floors!
  7898 | D:10     | Entered Level 10 of the Dungeon
  7913 | D:10     | Reached **** piety under Trog
  8116 | D:9      | Noticed a two-headed ogre
  8139 | D:9      | Killed a two-headed ogre
  8139 | D:9      | Reached skill level 9 in Maces & Flails
  8139 | D:9      | Reached skill level 5 in Dodging
  8139 | D:9      | Reached XP level 10. HP: 63/63 MP: 10/10
  8250 | D:9      | Found an ornate altar of the Wu Jian Council.
  8311 | D:9      | Found a staircase to the Lair.
  9896 | D:10     | Noticed a two-headed ogre
  9905 | D:10     | Killed a two-headed ogre
  9905 | D:10     | Reached skill level 10 in Maces & Flails
  9905 | D:10     | Reached skill level 5 in Shields
 10190 | D:11     | Reached XP level 11. HP: 69/69 MP: 11/11
 10369 | D:11     | Noticed a two-headed ogre
 10387 | D:11     | Killed a two-headed ogre
 10576 | D:11     | Found Gususmoz's Distillery.
 10657 | D:11     | Reached ***** piety under Trog
 11103 | Temple   | Entered the Ecumenical Temple
 11180 | Lair:1   | Entered Level 1 of the Lair of Beasts
 11228 | Lair:1   | Found a shimmering altar of Xom.
 11623 | Lair:1   | Reached skill level 11 in Maces & Flails
 12912 | Lair:3   | Noticed a catoblepas
 12964 | Lair:2   | Reached XP level 12. HP: 39/76 MP: 12/12
 13041 | Lair:3   | Killed a catoblepas
 13281 | Lair:3   | Found a hole to the Spider Nest.
 13910 | Lair:3   | Reached skill level 12 in Maces & Flails
 14195 | Lair:4   | Reached skill level 10 in Fighting
 14478 | Lair:4   | Reached skill level 10 in Armour
 14614 | Lair:4   | Found a staircase to the Swamp.
 15096 | Lair:4   | Found a white marble altar of Elyvilon.
 15234 | Lair:5   | Reached XP level 13. HP: 83/83 MP: 13/13
 15710 | Lair:5   | Reached skill level 13 in Maces & Flails
 16049 | Lair:6   | Entered Level 6 of the Lair of Beasts
 16076 | Lair:5   | Received a gift from Trog
 16195 | Lair:6   | Found a gate leading to a gauntlet.
 16581 | Lair:6   | Reached ****** piety under Trog
 16593 | Lair:6   | Noticed a dire elephant
 16620 | Lair:6   | Killed a dire elephant
 16981 | Lair:6   | Gained mutation: Your large and strong wings let you fly
                  | indefinitely. [Gargoyle growth]
 16981 | Lair:6   | Reached XP level 14. HP: 90/90 MP: 14/14
 17160 | Lair:6   | Reached skill level 14 in Maces & Flails
 17321 | Lair:6   | Found a staircase to the Slime Pits.
 17722 | Spider:1 | Entered Level 1 of the Spider Nest
 17762 | Spider:1 | Noticed Aizul
 17866 | Spider:1 | Noticed an entropy weaver
 18087 | Lair:3   | HP: 4/90 [Aizul (9)]
 18095 | Lair:3   | HP: 3/90 [Aizul (5)]
 18097 | Lair:3   | Killed from afar by Aizul

Skill      XL: |  1  2  3  4  5  6  7  8  9 10 11 12 13 14 |
---------------+-------------------------------------------+-----
Dodging        | 2 3 4 5 6 7 8 |  8.8
Armour         | 3 4 5 6 8 9 10 11 | 11.2
Fighting       | 4 5 6 7 8 9 10 11 | 11.5
Maces & Flails | 4 5 6 7 9 10 11 12 13 14 | 14.1
Shields        | 1 3 5 6 8 9 |  9.9

Action                   |  1- 3 |  4- 6 |  7- 9 | 10-12 | 13-15 || total
-------------------------+-------+-------+-------+-------+-------++-------
Melee: Mace              |   162 |   230 |   329 |  1235 |  1037 ||  2993
       Whip              |       |       |   120 |       |       ||   120
Invok: Berserk           |       |     1 |     3 |     5 |     2 ||    11
       Trog's Hand       |       |     1 |     1 |     2 |       ||     4
 Abil: Fly               |       |       |       |       |     1 ||     1
Evoke: Wand              |       |       |       |     1 |     1 ||     2
  Use: Scroll            |     3 |     1 |     9 |    10 |     8 ||    31
       Potion            |       |       |       |       |     6 ||     6
 Stab: Sleeping          |     1 |       |       |       |       ||     1
  Eat: Chunk             |     3 |     7 |    14 |    26 |     5 ||    55
       Ration            |     1 |       |       |     2 |     2 ||     5
Armor: Animal skin       |    23 |       |       |       |       ||    23
       Scale mail        |    38 |   136 |   188 |   123 |       ||   485
       Ring mail         |     5 |       |       |       |       ||     5
       Chain mail        |       |       |       |    94 |       ||    94
       Plate armour      |       |       |       |   309 |   416 ||   725
Dodge: Dodged            |    88 |   140 |   204 |   423 |   354 ||  1209
Block: Buckler           |       |       |    29 |    26 |       ||    55
       Shield            |       |       |       |   480 |   449 ||   929
